 Dungeon Crawl Stone Soup version 0.16-a0-3405-g19dd89a (webtiles) character file.

223 Fiveotanaka the Basher (level 6, 0/93 HPs)
             Began as an Ogre Berserker on Dec 30, 2014.
             Was a Believer of Trog.
             Slain by Grinder (6 damage)
             ... on level 3 of the Dungeon.
             The game lasted 00:06:44 (2519 turns).

Fiveotanaka the Basher (Ogre Berserker)             Turns: 2519, Time: 00:06:44

Health: 0/93       AC:  3    Str: 29    XL:     6   Next: 0%
Magic:  6/6        EV: 10    Int:  6    God:    Trog [**....]
Gold:   127        SH:  0    Dex: 10    Spells: 0 memorised, 5 levels left

rFire  . . .     SeeInvis .     a - +0 mace
rCold  . . .     Clarity  +     b - +0 animal skin
rNeg   . . .     SustAb   .     (shield restricted)
rPois  .         Gourm    .     (helmet restricted)
rElec  .         Spirit   .     (no cloak)
rCorr  .         Warding  .     (gloves unavailable)
rMut   .         Stasis   .     (boots unavailable)
MR     ++...                    q - amulet of clarity
Stlth  ..........               (no ring)
                                k - ring of wizardry

@: berserking (expiring), regenerating, very quick, very resistant to hostile
enchantments, extremely unstealthy
A: unfitting armour, tough skin 1
a: Burn Spellbooks, Berserk, Trog's Hand, Renounce Religion


You were on level 3 of the Dungeon.
You worshipped Trog.
Trog was pleased with you.
You were hungry.

You visited 1 branch of the dungeon, and saw 3 of its levels.

You collected 127 gold pieces.

Inventory:

Hand weapons
 a - a +0 mace (weapon)
Missiles
 d - 74 stones (quivered)
 m - 12 poisoned needles
Armour
 b - a +0 animal skin (worn)
Jewellery
 j - an uncursed amulet of stasis
 k - a ring of wizardry (left hand)
 q - an amulet of clarity (around neck)
Scrolls
 e - a scroll of blinking {unknown}
 f - 2 scrolls of remove curse {unknown}
 l - 2 scrolls of identify {unknown}
 o - a scroll of enchant armour {unknown}
 s - a scroll of amnesia {unknown}
Potions
 g - 2 potions of mutation {unknown}
 h - a potion of agility {unknown}
 i - 2 potions of brilliance {unknown}
 r - a potion of poison {unknown}
Comestibles
 c - 2 meat rations
 n - a royal jelly
 p - a chunk of flesh


   Skills:
 - Level 4.0 Fighting
 + Level 8.5 Maces & Flails
 - Level 1.5 Armour
 - Level 1.7 Dodging


You had 5 spell levels left.
You didn't know any spells.

Dungeon Overview and Level Annotations

Branches:
Dungeon (3/15)

Altars:

Annotations:
D:3 Grinder


Innate Abilities, Weirdness & Mutations

You are too large for most types of armour.
You have tough skin (AC +1).


Message History

You closely miss Grinder.
Grinder is moderately wounded.
Grinder gestures at you. You resist with almost no effort.
You barely miss Grinder.
Grinder is moderately wounded.
Grinder hits you!
* * * LOW HITPOINT WARNING * * *
You sock Grinder!
Grinder is severely wounded.
You hit Grinder.
Grinder is severely wounded.
Grinder hits you.
* * * LOW HITPOINT WARNING * * *
You writhe in agony. x2
Unknown command.
You sock Grinder!
Grinder is almost dead.
Grinder hits you.
You die...

... #...# #...# #...#
#...# ####... #.....
... #..5)#
#########....
#...@####......).#...
#?...)...........#...
#....................
#..........###.......
#..........# #.......
#....###...# #.......
#..$.###...###.......
#....##.............)
#....##........######


You could see Grinder.

Vanquished Creatures
  Sigmund (D:3)
  Terence (D:2)
  Robin (D:2)
  2 adders (D:2)
  3 gnolls (D:3)
  2 worms (D:2)
  3 giant geckos
  A ball python (D:1)
  2 giant cockroaches
  12 goblins
  10 hobgoblins
  6 jackals
  7 kobolds
  8 bats
  2 giant newts (D:1)
  4 rats
65 creatures vanquished.

Notes
Turn   | Place    | Note
--------------------------------------------------------------
     0 | D:1      | Fiveotanaka, the Ogre Berserker, began the quest for the Orb.
     0 | D:1      | Reached XP level 1. HP: 24/24 MP: 1/1
   361 | D:1      | Reached XP level 2. HP: 24/32 MP: 2/2
   518 | D:1      | Reached skill level 5 in Maces & Flails
   911 | D:1      | Reached XP level 3. HP: 37/39 MP: 3/3
  1162 | D:2      | Noticed Robin
  1195 | D:2      | Killed Robin
  1195 | D:2      | Reached skill level 6 in Maces & Flails
  1209 | D:2      | Acquired Trog's second power
  1209 | D:2      | Reached XP level 4. HP: 17/48 MP: 4/4
  1454 | D:2      | Noticed Terence
  1465 | D:2      | Killed Terence
  1510 | D:2      | Reached skill level 7 in Maces & Flails
  1898 | D:3      | Noticed Sigmund
  1912 | D:3      | Killed Sigmund
  1912 | D:3      | Reached skill level 8 in Maces & Flails
  1912 | D:3      | Reached XP level 5. HP: 54/54 MP: 5/5
  2071 | D:3      | Noticed Grinder
  2095 | D:3      | Paralysed by Grinder for 5 turns
  2511 | D:3      | Reached XP level 6. HP: 17/62 MP: 6/6
  2519 | D:3      | Slain by Grinder

Action                   |  1- 3 |  4- 6 || total
-------------------------+-------+-------++-------
Melee: Mace              |   110 |   141 ||   251
Invok: Berserk           |     1 |     2 ||     3
       Trog's Hand       |       |     2 ||     2
  Eat: Chunk             |     1 |     6 ||     7
